 Dungeon Crawl Stone Soup version 0.28-a0-511-gcc94558de3 (webtiles) character file.

Game seed: 13326449145883976105

12 willcat the Sneak (level 2, -2/21 HPs)
             Began as an Octopode Delver on Sept 21, 2021.
             Splashed by a jelly's acid (3 damage)
             ... on level 6 of the Dungeon.
             The game lasted 00:00:14 (98 turns).

willcat the Sneak (Octopode Delver)                   Turns: 98, Time: 00:00:15

Health: -2/21      AC: -7    Str: 11    XL:     2   Next: 33%
Magic:  2/2        EV: 13    Int: 12    God:
Gold:   0          SH:  0    Dex: 13    Spells: 1/1 levels left

rFire   . . .      SeeInvis .   a - +0 short sword
rCold   . . .      Faith    .   (no shield)
rNeg    . . .      Spirit   .   (helmet restricted)
rPois   .          Reflect  .   (no amulet)
rElec   .          Harm     .   (no ring)
rCorr   .          Rampage  .   (no ring)
Will    .....                   (no ring)
Stlth   ++++......              (no ring)
HPRegen 0.07/turn               (no ring)
MPRegen 0.08/turn               (no ring)
                                (no ring)
                                (no ring)

@: corroded
A: almost no armour, amphibious, 8 rings, camouflage 1, gelatinous body 1,
(nimble swimmer 1), tentacles
a: no special abilities


You were on level 6 of the Dungeon.
You visited 1 branch of the dungeon, and saw 2 of its levels.

Inventory:

Hand Weapons
 a - a +0 short sword (weapon)
Wands
 f - a wand of digging (3)
Scrolls
 b - a scroll of fog
 c - a scroll of magic mapping
 d - a scroll of fear
 h - a scroll of enchant armour {unknown}
Potions
 e - a potion of haste
 g - 2 potions of ambrosia {unknown}


   Skills:
 - Level 3.0 Fighting
 + Level 2.3 Short Blades
 + Level 2.3 Dodging
 + Level 6.8 Stealth


You had one spell level left.
You didn't know any spells.
Your spell library was empty.

Dungeon Overview and Level Annotations

Branches:
Dungeon (6/15)
 Temple: D:4-7

Altars:
Sif Muna


Innate Abilities, Weirdness & Mutations

You cannot wear most types of armour.
You are amphibious.
You can wear up to eight rings at the same time.
Your skin changes colour to match your surroundings (Stealth+).
Your rubbery body absorbs attacks. (AC +1, EV +1)
((You are camouflaged near water. (Stealth+)))
You have tentacles for arms and can constrict up to eight enemies at once.


Message History

You constrict the hound skeleton.
The hound skeleton completely misses you.
You completely miss the hound skeleton. You squeeze the hound skeleton!
The hound skeleton is almost destroyed.
You constrict the hound skeleton.
The hound skeleton bites you but does no damage.
You hit the hound skeleton.
You destroy the hound skeleton!
You have reached level 2!
You see here a scroll labelled MAMUQY YSTRUI.
h - a scroll labelled MAMUQY YSTRUI Unknown command.
There is an open door here.
You close the door.
A phantom opens the door.
There is an open door here.
You see here 18 stones.
There is a stone staircase leading down here.
You climb downwards.
There is a stone staircase leading up here.
Unknown command.
Found a shimmering blue altar of Sif Muna.
Found an escape hatch in the ceiling.
Found 28 arrows.
You see here 28 arrows.
A jelly comes into view.
Found a stone staircase leading down.
A howler monkey skeleton comes into view.
An iguana comes into view.
Found a stone staircase leading up.
The jelly quivers.
You barely miss the jelly. The jelly hits you. The acid corrodes you!
You are splashed with acid!
Unknown command.
You hit the jelly.
Your tentacles burn!
The jelly is lightly wounded.
The jelly hits you. The acid corrodes you!
You are splashed with acid.
* * * LOW HITPOINT WARNING * * *
You hit the jelly but do no damage.
Your tentacles burn!
You die...

#.##..#...#
##..#.....###.###
......##.#.##...#
..<....#.#......#.#
.......#.............
.l.....###......#.#.#
^..>... #(.....#<#
.......###......# #
#...Z..J@......#
#......###.....#
#......# #.....#
#......# #.......
#......# #######
###...## #... #...


You could see a jelly and a howler monkey skeleton.

Vanquished Creatures
  A hound skeleton (D:5)
1 creature vanquished.

Notes
Turn   | Place    | Note
-------+----------+-------------------------------------------
     0 | D:5      | willcat the Octopode Delver began the quest for the Orb.
     0 | D:5      | Reached XP level 1. HP: 16/16 MP: 1/1
    29 | D:5      | Noticed a phantom
    35 | D:5      | Reached XP level 2. HP: 21/21 MP: 2/2
    76 | D:6      | Found a shimmering blue altar of Sif Muna.
    97 | D:6      | HP: 1/21 [acid (6)]
    98 | D:6      | Splashed by a jelly's acid

Illustrated notes

Levels and vault maps discovered:
D:5:      layout_basic, lemuel_tele_altar, temple_fountains, serial_shops,
          nicolae_take_the_stairs
D:6:      layout_basic, mainiacjoe_overflow_alcove_2,
          nicolae_dithmenos_through_a_glass_darkly,
          nicolae_sif_muna_condensation, solitary_fountain,
          minmay_misc_feat_rows

Action                   || total
-------------------------++-------
Melee: Short sword       ||     8
       Constrict         ||     1
       Tentacles         ||     1
Armor: Skin              ||     3
Dodge: Dodged            ||     3

Table legend: (Time is in decaauts)
 A = Elapsed time spent in this place.
 B = Non-inter-level travel time spent in this place.
 C = Inter-level travel time spent in this place.
 D = Time resting spent in this place.
 E = Time spent auto-exploring this place.
 F = Levels seen in this place.
 G = Mean time per level.
                   A        B        C        D        E       F      G
               +--------+--------+--------+--------+--------+-----+--------+
         Total |     97 |     97 |      0 |      0 |     43 |   2 |   48.5 |
       Dungeon |     97 |     97 |      0 |      0 |     43 |   2 |   48.5 |
               +--------+--------+--------+--------+--------+-----+--------+

Top non-repeatable levels by time:
     D:5: 65 daAuts
     D:6: 32 daAuts
